 Dungeon Crawl Stone Soup version 0.23-a0-208-gb6b040f (webtiles) character file.

11431 Galumer the Protected (level 11, -3/151 HPs)
             Began as a Minotaur Fighter on Sept 25, 2018.
             Was an Elder of Makhleb.
             Slain by an unseen horror (7 damage)
             ... in a labyrinth.
             The game lasted 00:44:31 (10630 turns).

Galumer the Protected (Minotaur Fighter)           Turns: 10630, Time: 00:44:32

Health: -3/151     AC: 25    Str: 24    XL:     11   Next: 49%
Magic:  15/15      EV:  2    Int:  6    God:    Makhleb [****..]
Gold:   283        SH: 12    Dex:  9    Spells: 7/10 levels left

rFire    . . .     SeeInvis .   a - +1 war axe
rCold    . . .     Gourm    .   c - +0 shield
rNeg     + + +     Faith    .   (armour currently unavailable)
rPois    +         Spirit   .   (helmet currently unavailable)
rElec    .         Reflect  .   (cloak currently unavailable)
rCorr    .         Harm     .   (gloves currently unavailable)
MR       .....     NoTele   +   (boots currently unavailable)
Stlth    +.........             l - amulet of regeneration
HPRegen  0.75/turn              (no ring)
MPRegen  0.14/turn              (no ring)

@: lethally poisoned (-3 -> -4), tree-form
A: (retaliatory headbutt)
a: Minor Destruction, Lesser Servant of Makhleb, Major Destruction, Renounce
Religion


You were in a labyrinth.
You worshipped Makhleb.
Makhleb was greatly pleased with you.
You were not hungry.
You were a tree.
You visited 3 branches of the dungeon, and saw 13 of its levels.
You also visited: Labyrinth.

You collected 733 gold pieces.
You spent 450 gold pieces at shops.

Inventory:

Hand Weapons
 a - a +1 war axe (weapon)
Missiles
 v - 3 throwing nets (quivered)
 H - 2 javelins
Armour
 c - a +0 shield (worn)
 q - a +0 pair of boots (melded)
 r - a +1 pair of gloves (melded)
 u - a +3 plate armour of cold resistance (melded)
Jewellery
 l - an amulet of regeneration (around neck)
 y - an uncursed amulet of guardian spirit
 A - an uncursed ring of positive energy {unknown}
Wands
 p - a wand of acid (19)
 t - a wand of iceblast (7)
 G - a wand of flame (38)
Scrolls
 b - a scroll of identify
 i - 4 scrolls of enchant armour
 k - 10 scrolls of remove curse
 m - a scroll of amnesia
 o - 2 scrolls of enchant weapon
 s - 8 scrolls of teleportation
 w - 4 scrolls of magic mapping
 C - a scroll of immolation {unknown}
 D - a scroll of noise {unknown}
 F - a scroll of acquirement {unknown}
Potions
 d - 2 potions of might
 e - a potion of haste {unknown}
 g - a potion of cancellation {unknown}
 h - a potion of heal wounds {unknown}
 j - a potion of ambrosia
 n - 5 potions of curing
 x - a potion of brilliance {unknown}
 z - 2 potions of flight
 B - 2 potions of lignification
 E - a potion of resistance {unknown}
Comestibles
 f - 21 rations


   Skills:
 + Level 10.6 Fighting
 + Level 10.3 Axes
 + Level 10.7 Armour
 - Level 1.0 Dodging
 - Level 1.0 Stealth
 + Level 10.6 Shields
 + Level 7.2 Invocations


You had 7 spell levels left.
You knew the following spells:

 Your Spells              Type           Power        Failure   Level  Hunger
a - Regeneration          Chrm/Necr      #.........   95%         3    ####...

Your spell library contained the following spells:

 Spells                   Type           Power        Failure   Level  Hunger
 Corona                   Hex            #......      65%         1    ##.....
 Infusion                 Chrm           #...         65%         1    ##.....
 Ensorcelled Hibernation  Hex/Ice        #.....       78%         2    ###....
 Poisonous Vapours        Pois/Air       #.....       78%         2    ###....
 Shroud of Golubria       Chrm/Tloc      #.........   78%         2    ###....
 Song of Slaying          Chrm           #.......     78%         2    ###....
 Confuse                  Hex            #.......     95%         3    ####...
 Conjure Flame            Conj/Fire      #.......     95%         3    ####...
 Dazzling Spray           Conj/Hex       #.....       95%         3    ####...
 Mephitic Cloud           Conj/Pois/Air  #.......     95%         3    ####...
 Spectral Weapon          Hex/Chrm       #.......     95%         3    ####...
 Tukima's Dance           Hex            #.......     95%         3    ####...
 Freezing Cloud           Conj/Ice/Air   #.........   100%        6    #######
 Ring of Flames           Chrm/Fire      #.........   100%        7    #######


Dungeon Overview and Level Annotations

Branches:
Dungeon (11/15)            Temple (1/1) D:5            Lair (1/6) D:8
    Orc (0/2) D:10

Altars:
Cheibriados
Makhleb
Nemelex Xobeh
Okawaru
Ru
Sif Muna
Wu Jian
The Shining One

Shops:
D:4 [   D:5 [   D:10 [


Innate Abilities, Weirdness & Mutations

((You reflexively headbutt those who attack you in melee.))
((You have a pair of horns on your head.))


Message History

You feel sick. Something hits you but does no damage.
You turn into a tree.
Your +1 pair of gloves melds into your body.
Your +0 pair of boots melds into your body.
Your +3 plate armour of cold resistance melds into your body.
You feel less resistant to cold.
Your roots penetrate the ground.
You feel sick. Something hits you but does no damage.
You closely miss something.
You feel sick. Something hits you but does no damage.
You cannot move.
You cannot move.
You cannot move.
You cannot move.
You swing at nothing.
You feel sick. Something hits you but does no damage.
You swing at nothing.
You feel sick.
Something hits you but does no damage. x2
You closely miss something.
You feel sick. Something completely misses you.
You barely miss something.
You feel sick. Something hits you but does no damage.
You swing at nothing.
Something hits you!
You die...

# .. #. #
# # # # #
#.#
#...#...
.# .
###.......
#.....# .
# # #.###
# #. # .
#.#†# #.
.. # #
#.#.# [. .
. #♣#. ...
#.. #.# #
# # # #.#
# . . .
#.# . ...#
# ###.#
#.# ###


There were no monsters in sight!

Vanquished Creatures
  A centaur warrior (D:11)
  Erica (D:7)
  A two-headed ogre (D:10)
  Nergalle (D:11)
  An unseen horror (Lab)
  An ugly thing (D:11)
  A spiny frog (Lair:1)
  A redback zombie (D:9)
  A hippogriff (D:11)
  A spriggan (D:7)
  2 redbacks (Lab)
  A wraith (D:10)
  4 yaks
  2 vampire mosquitoes (D:10)
  2 sky beasts (D:7)
  6 orc warriors
  5 black bears
  2 ice beasts
  5 ogres
  A phantom (D:11)
  2 centaurs
  A crocodile (D:8)
  3 big kobolds
  A gnoll sergeant (D:9)
  11 bullfrogs
  15 killer bees
  4 wights
  The ghost of chris0x the Magician, a weakling DrWz (D:3)
  A howler monkey (D:6)
  6 crimson imps
  A quasit (D:6)
  6 hounds
  3 jellies
  7 orc wizards
  6 orc priests
  3 centaur skeletons
  An iguana (D:9)
  Terence (D:2)
  13 worker ants
  Robin (D:1)
  12 gnolls
  A howler monkey skeleton (D:8)
  A river rat (D:3)
  8 adders
  2 shadow imps
  2 oozes (D:2)
  2 adder zombies
  5 worms
  A dart slug (D:5)
  3 leopard geckos
  36 orcs
  4 bats
  3 giant cockroaches
  13 goblins
  11 hobgoblins
  2 jackals (D:11)
  16 kobolds
  A quokka (D:2)
  A frilled lizard (D:2)
  A jackal skeleton (D:9)
  A leopard gecko skeleton (D:6)
  A quokka skeleton (D:6)
  7 rats
261 creatures vanquished.

Notes
Turn   | Place    | Note
-------+----------+-------------------------------------------
     0 | D:1      | Galumer the Minotaur Fighter began the quest for the Orb.
     0 | D:1      | Reached XP level 1. HP: 19/19 MP: 0/0
   292 | D:1      | Reached XP level 2. HP: 27/27 MP: 1/1
  1083 | D:2      | Noticed Robin
  1097 | D:2      | Reached XP level 3. HP: 27/33 MP: 2/2
  1254 | D:1      | Killed Robin
  1257 | D:1      | Reached skill level 1 in Dodging
  1553 | D:2      | Reached XP level 4. HP: 32/40 MP: 3/3
  2046 | D:2      | Noticed Terence
  2092 | D:2      | Killed Terence
  2463 | D:2      | Reached XP level 5. HP: 34/47 MP: 4/4
  2766 | D:3      | Found a runed door.
  2768 | D:3      | Noticed chris0x's ghost (weakling DrWz)
  2798 | D:3      | Reached skill level 5 in Armour
  2820 | D:3      | Killed chris0x's ghost
  2820 | D:3      | Reached skill level 5 in Shields
  2961 | D:3      | Reached XP level 6. HP: 48/55 MP: 5/5
  3129 | D:3      | Reached skill level 5 in Fighting
  3248 | D:3      | Found a runed door.
  3487 | D:4      | Found Sugryczu's Armour Shoppe.
  3867 | D:5      | Entered Level 5 of the Dungeon
  3889 | D:5      | Found Faku Bik's Antique Armour Shoppe.
  3923 | D:5      | Found a staircase to the Ecumenical Temple.
  3948 | Temple   | Entered the Ecumenical Temple
  3981 | Temple   | Became a worshipper of Makhleb the Destroyer
  4019 | D:5      | Got an encrusted dagger
  4020 | D:5      | Identified the +5 dagger "Koviewej" {pain, Fragile rElec
                  | Str+2 Stlth+} (You found it on level 5 of the Dungeon)
  4819 | D:6      | Reached XP level 7. HP: 61/61 MP: 6/6
  4849 | D:6      | Reached skill level 5 in Axes
  4987 | D:6      | Reached skill level 1 in Invocations
  4998 | D:6      | Reached * piety under Makhleb
  5011 | D:6      | Found a snail-covered altar of Cheibriados.
  5048 | D:6      | Reached XP level 8. HP: 52/71 MP: 6/8
  5202 | D:6      | Found a sacrificial altar of Ru.
  5219 | D:6      | Learned a level 3 spell: Regeneration
  5740 | D:7      | Noticed a hornet
  6044 | D:7      | You fall through a shaft!
  6279 | D:8      | Reached XP level 9. HP: 79/79 MP: 10/10
  6356 | D:8      | Noticed Erica
  6600 | D:8      | Reached ** piety under Makhleb
  7105 | D:8      | Found a staircase to the Lair.
  7446 | D:9      | Reached skill level 5 in Invocations
  7479 | D:9      | Reached XP level 10. HP: 89/90 MP: 12/12
  7679 | D:10     | Entered Level 10 of the Dungeon
  7684 | D:10     | Reached *** piety under Makhleb
  8138 | D:10     | Noticed a two-headed ogre
  8310 | D:7      | Killed Erica
  8529 | D:4      | Bought a +3 plate armour of cold resistance for 450 gold
                  | pieces
  8807 | D:10     | Killed a two-headed ogre
  8807 | D:10     | Reached skill level 10 in Armour
  8854 | D:10     | Reached skill level 10 in Shields
  8880 | D:10     | Reached **** piety under Makhleb
  8941 | D:10     | Reached skill level 10 in Fighting
  8945 | D:10     | Reached XP level 11. HP: 93/99 MP: 14/14
  8950 | D:10     | Found Urphio's Armour Shop.
  9082 | D:10     | Found a staircase to the Orcish Mines.
  9174 | D:11     | Noticed a centaur warrior
  9183 | D:11     | Killed a centaur warrior
  9183 | D:11     | Reached skill level 1 in Stealth
  9632 | D:11     | Noticed Nergalle
  9680 | D:11     | Killed Nergalle
  9680 | D:11     | Reached skill level 10 in Axes
  9726 | D:11     | Noticed a brown ugly thing
  9740 | D:11     | Killed a brown ugly thing
  9980 | Lair:1   | Entered Level 1 of the Lair of Beasts
  9999 | Lair:1   | Found a labyrinth entrance.
 10130 | Lab      | Entered a labyrinth
 10563 | Lab      | Killed an unseen horror
 10623 | Lab      | HP: 3/101 [poisoned by a redback]
 10628 | Lab      | HP: 3/151 [poisoned by a redback]
 10630 | Lab      | Slain by an unseen horror

Vault maps used:
D:1:      dpeg_arrival_court, minmay_misc_feat_four_crosses
D:2:      uniq_robin, uniq_terence
D:3:      ebering_ghost_sewer_f, first_ration
D:4:      serial_shops, shop, hex_tiny
D:5:      minmay_temple_entry_glass, serial_shops, shop
D:6:      nicolae_ru_awakened_eye, basic_altar
D:7:      the_bakery
D:8:      grunt_lair_entry_orc_guard_hut, uniq_erica
D:10:     david_orc_4, serial_shops, shop, serial_curves, eino_curves_03,
          eino_curves_04, corexii_leaking_fountain
D:11:     uniq_nergalle
Temple:   roderic_octagonal_lattice_temple
Lair:1:   lab_entry_generic, uniq_urug
Lab:      nicolae_lab_quarters, nicolae_lab_swirl, labyrinth_lava_lair,
          nicolae_lab_plus, lab_block, nicolae_lab_stuck, nicolae_lab_grate_2,
          labyrinth_baited_teleportation_trap, lab_hedge,
          labyrinth_skeletal_remains, nicolae_lab_dead_end,
          nicolae_lab_checkerboard

Skill      XL: |  1  2  3  4  5  6  7  8  9 10 11 |
---------------+----------------------------------+-----
Armour         | 4 5 6 7 8 10 | 10.7
Shields        | 4 5 6 7 8 10 | 10.6
Axes           | 3 4 5 7 8 9 10 | 10.3
Dodging        | 1 |  1.0
Fighting       | 4 5 6 7 8 10 | 10.6
Invocations    | 1 3 5 6 7 |  7.2
Stealth        | 1 |  1.0

Action                   |  1- 3 |  4- 6 |  7- 9 | 10-12 || total
-------------------------+-------+-------+-------+-------++-------
Melee: War axe           |    86 |   172 |   307 |   310 ||   875
       Headbutt          |    13 |    36 |    55 |    58 ||   162
Invok: Minor Destruction |       |       |    26 |    85 ||   111
       Major Destruction |       |       |       |     1 ||     1
  Use: Scroll            |       |     5 |     8 |     3 ||    16
       Potion            |       |       |       |     2 ||     2
  Eat: Chunk             |     2 |    11 |     6 |     7 ||    26
       Ration            |       |       |     1 |     1 ||     2
Armor: Scale mail        |    40 |    71 |   186 |    39 ||   336
       Plate armour      |       |       |       |   111 ||   111
       Skin              |       |       |       |     6 ||     6
Dodge: Dodged            |    34 |    57 |   120 |    71 ||   282
Block: Shield            |    37 |   102 |   175 |   182 ||   496

Table legend:
 A = Non-vault XP
 B = Vault XP
 C = Vault XP percentage of total XP
 D = Non-vault monster count
 E = Vault monster count
 F = Vault count percentage of total count
                 A         B        C        D         E       F
            +---------+---------+-------+---------+---------+-------
      Total |   11574 |    4756 |  29.1 |     214 |      47 |  18.0
            +---------+---------+-------+---------+---------+-------
        D:1 |      33 |      22 |  40.0 |      16 |       5 |  23.8
        D:2 |     128 |      47 |  26.9 |      25 |       7 |  21.9
        D:3 |     113 |     164 |  59.2 |      14 |       7 |  33.3
        D:4 |       3 |       0 |   0.0 |       1 |       0 |   0.0
        D:5 |     103 |       0 |   0.0 |       9 |       0 |   0.0
        D:6 |    1188 |       0 |   0.0 |      25 |       0 |   0.0
        D:7 |     785 |    1143 |  59.3 |      16 |       2 |  11.1
        D:8 |     565 |     740 |  56.7 |      17 |       6 |  26.1
        D:9 |    1951 |       0 |   0.0 |      39 |       0 |   0.0
       D:10 |    3480 |     653 |  15.8 |      37 |      16 |  30.2
       D:11 |    2814 |     796 |  22.0 |      14 |       1 |   6.7
     Lair:1 |     411 |       0 |   0.0 |       1 |       0 |   0.0
        Lab |       0 |    1191 | 100.0 |       0 |       3 | 100.0
            +---------+---------+-------+---------+---------+-------
